Map: Lerilak Crest

Players

RaThak - Winner!

  • Race: Protoss Protoss
  • League: Platinum

capac

  • Race: Terran Terran
  • League: Gold

VOD

Have the link to the VOD?

Description

Time

  • Played on: March 6, 2016, 11 a.m.
  • Length: 20:42
Show
View Real Time Build Order
Export as new Build Order

RaThak Protoss - Winner!

Build Orders:  

Get SALT Encoding   

  12  0:01  Probe (Chrono Boost)  
  13  0:12  Probe (Chrono Boost)  
  14  0:21  Pylon  
  14  0:23  Probe (Chrono Boost)  
  15  0:37  Assimilator  
  15  0:39  Probe (Chrono Boost)  
  16  0:43  Gateway  
  17  0:50  Probe (Chrono Boost)  
  17  1:01  Probe (Chrono Boost)  
  18  1:04  Pylon  
  18  1:12  Probe (Chrono Boost)  
  19  1:22  Probe (Chrono Boost)  
  20  1:31  Cybernetics Core  
  20  1:33  Probe (Chrono Boost)  
  21  1:45  Probe (Chrono Boost)  
  22  2:00  Nexus  
  22  2:04  Pylon  
  22  2:08  Mothership Core (Chrono Boost)  
  23  2:09  Warp Gate (Chrono Boost)  
  23  2:16  Assimilator  
  23  2:20  Adept  
  25  2:29  Probe  
  26  2:41  Probe  
  27  2:48  Pylon  
  27  2:59  Probe  
  28  3:09  Robotics Facility  
  28  3:11  Probe, Gateway  
  29  3:17  Probe  
  30  3:24  Probe  
  31  3:28  Twilight Council  
  31  3:32  Gateway  
  31  3:37  Probe  
  31  3:38  Probe  
  33  3:56  Probe  
  33  3:58  Probe  
  33  3:59  Pylon  
  36  4:03  Observer  
  36  4:07  Adept  
  38  4:13  Blink (Chrono Boost)  
  38  4:14  Stalker  
  40  4:19  Probe  
  40  4:21  Probe  
  42  4:26  Assimilator  
  42  4:29  Adept x2  
  42  4:30  Probe  
  46  4:33  Probe  
  46  4:37  Adept  
  50  4:43  Forge  
  50  4:45  Probe  
  50  4:46  Probe  
  52  4:55  Stalker x2  
  56  5:01  Probe  
  56  5:03  Probe  
  56  5:06  Observer  
  58  5:12  Probe  
  59  5:15  Probe  
  59  5:20  Gateway  
  60  5:22  Probe  
  60  5:23  Pylon  
  60  5:27  Probe  
  60  5:28  Pylon  
  62  5:31  Stalker x2  
  62  5:34  Adept  
  68  5:38  Protoss Ground Weapons Level 1 (Chrono Boost)  
  68  5:42  Probe x2  
  70  5:51  Assimilator  
  70  6:03  Nexus  
  70  6:08  Resonating Glaives  
  70  6:09  Pylon  
  70  6:15  Probe x2  
  70  6:17  Stalker x2  
  70  6:18  Stalker  
  78  6:28  Immortal (Chrono Boost)  
  82  6:35  Robotics Bay  
  82  6:40  Gateway  
  82  6:45  Gateway  
  82  6:55  Probe  
  82  6:56  Probe  
  84  7:02  Adept x2  
  84  7:03  Adept  
  84  7:07  Probe  
  84  7:08  Probe  
  92  7:11  Pylon  
  92  7:15  Pylon  
  92  7:20  Pylon  
  92  7:22  Probe  
  92  7:23  Probe x2, Protoss Ground Armor Level 1 (Chrono Boost), Pylon  
  92  7:26  Pylon  
  95  7:31  Templar Archives  
  95  7:35  Charge  
  95  7:44  Photon Cannon  
  95  7:49  Pylon  
  95  7:50  Photon Cannon  
  95  7:56  Stalker x3  
  101  7:59  Zealot  
  101  8:01  Probe  
  101  8:02  Probe x2  
  106  8:06  Assimilator  
  106  8:08  Assimilator  
  106  8:16  Probe x2  
  106  8:18  Observer  
  109  8:30  Zealot x3  
  109  8:31  Zealot x3  
  121  8:42  Gateway  
  121  8:43  Gateway  
  121  8:45  Disruptor (Chrono Boost)  
  121  8:48  Gateway  
  124  8:51  Gateway  
  124  8:53  Zealot x3  
  130  8:59  Gateway  
  130  9:01  Psionic Storm  
  130  9:12  High Templar x3  
  130  9:13  Zealot x2  
  130  9:14  Zealot  
  131  9:26  Archon  
  124  9:40  High Templar x3  
  124  9:42  Probe  
  124  9:43  Probe x2  
  133  9:50  High Templar  
  133  9:52  Probe  
  135  9:55  Probe x2  
  138  10:07  Probe  
  138  10:09  Pylon  
  138  10:12  Photon Cannon  
  139  10:16  Probe  
  139  10:17  Probe  
  139  10:19  Probe  
  139  10:20  High Templar x3  
  148  10:28  Forge  
  152  10:36  Immortal (Chrono Boost)  
  152  10:54  Zealot  
  152  10:55  Zealot x5  
  164  10:59  Pylon  
  164  11:03  Pylon  
  164  11:04  Pylon x2  
  164  11:10  Observer (Chrono Boost)  
  165  11:23  Zealot x7  
  165  11:25  High Templar x4  
  185  11:27  Nexus  
  187  11:33  Pylon  
  187  11:37  Assimilator, Pylon  
  187  11:42  Assimilator  
  187  11:52  High Templar x4  
  195  11:56  Archon  
  195  11:58  Protoss Ground Armor Level 2 (Chrono Boost)  
  195  12:27  Protoss Ground Weapons Level 2 (Chrono Boost)  
  195  12:28  Zealot x2  
  194  13:11  Stalker x6  
  194  13:12  Stalker x4  
  194  13:13  Stalker  
  198  13:22  Stargate  
  198  13:23  Stargate  
  197  14:11  Fleet Beacon  
  197  14:14  Stargate  
  197  14:19  Stargate  
  183  14:44  Phoenix x2 (Chrono Boost)  
  173  14:58  Tempest (Chrono Boost)  
  173  14:59  Nexus  
  177  15:01  Pylon  
  177  15:03  Tempest (Chrono Boost)  
  177  15:04  Pylon  
  181  15:09  Tempest (Chrono Boost)  
  189  15:14  Tempest (Chrono Boost)  
  189  15:18  Protoss Air Weapons Level 1  
  189  15:26  Observer  
  190  15:34  Assimilator  
  190  15:37  Tempest (Chrono Boost)  
  190  15:39  Assimilator  
  190  15:42  Tempest (Chrono Boost)  
  163  16:43  Tempest (Chrono Boost)  
  163  16:44  Zealot x2  
  163  16:45  Zealot x7  
  163  16:46  Zealot x2  
  188  16:49  Tempest (Chrono Boost)  
  88  18:06  Nexus  
  88  18:12  Nexus  
  88  18:18  Zealot x4  
  88  18:19  Zealot x3  
  102  18:21  Nexus  
  101  18:39  Pylon  
  101  18:41  Pylon  
  101  18:43  Pylon  
  101  19:10  Nexus  
  100  20:08  Pylon  
  100  20:09  Pylon  
  100  20:11  Pylon  
  99  20:14  Pylon  
  99  20:15  Pylon  
Show
View Real Time Build Order
Export as new Build Order

capac Terran 

Build Orders: MMM Bio 

Get SALT Encoding   

  12  0:00  SCV  
  13  0:12  SCV  
  14  0:18  Supply Depot  
  14  0:25  SCV  
  15  0:40  SCV  
  15  0:42  Barracks  
  16  0:45  Refinery  
  16  0:52  SCV  
  18  1:04  SCV  
  18  1:16  SCV  
  19  1:28  SCV  
  19  1:30  Barracks Reactor  
  20  1:40  SCV  
  21  1:47  Supply Depot  
  21  1:53  Command Center  
  22  2:07  Orbital Command  
  21  2:08  Marine  
  21  2:09  Marine  
  23  2:18  Factory  
  23  2:27  Marine x2  
  25  2:36  SCV  
  26  2:41  Refinery  
  26  2:45  Marine  
  26  2:51  SCV  
  27  3:03  SCV  
  28  3:06  Marine x2  
  28  3:07  Bunker  
  28  3:10  Factory Tech Lab  
  28  3:11  Barracks  
  28  3:12  SCV  
  31  3:15  SCV  
  32  3:25  Orbital Command  
  32  3:28  Marine x2  
  32  3:32  Siege Tank  
  37  3:39  Supply Depot  
  37  3:44  SCV  
  38  3:48  Marine x2  
  40  4:01  Barracks Tech Lab, Engineering Bay  
  40  4:10  SCV x2  
  40  4:11  Marine x2  
  44  4:18  Supply Depot  
  44  4:24  Marine  
  44  4:27  Starport  
  44  4:28  Marine  
  44  4:29  Marine  
  47  4:37  SCV x2  
  49  4:39  Missile Turret  
  49  4:40  Siege Tank  
  52  4:50  SCV x2  
  52  4:51  Marine  
  52  4:52  Refinery, Marine x2  
  57  4:59  Supply Depot  
  57  5:03  SCV x2  
  57  5:06  Starport Reactor  
  59  5:12  Barracks  
  59  5:15  SCV x2  
  59  5:19  Marine  
  59  5:21  Marine  
  63  5:26  Siege Tank  
  63  5:27  SCV  
  63  5:28  SCV  
  68  5:31  Stimpack  
  68  5:39  SCV  
  68  5:40  SCV  
  70  6:05  Supply Depot  
  70  6:16  Supply Depot x2  
  70  6:17  Command Center  
  70  6:20  Missile Turret  
  70  6:21  Barracks Reactor  
  70  6:26  Marine, Siege Tank, Medivac x2  
  70  6:30  Refinery  
  78  6:37  Marine x2, SCV x2  
  82  6:44  Supply Depot, Marine  
  83  6:49  Supply Depot, SCV x2  
  85  6:54  Missile Turret  
  85  6:55  Marine  
  85  7:01  Marine, SCV x2, Medivac x2  
  88  7:02  Marine x3  
  96  7:09  Supply Depot  
  96  7:10  Terran Infantry Weapons Level 1  
  96  7:12  Marine  
  97  7:17  Armory  
  97  7:22  SCV x2  
  99  7:23  Supply Depot  
  99  7:34  Marine x5, Missile Turret  
  104  7:46  Liberator x2  
  104  7:58  Marine x5  
  105  8:00  Siege Tank  
  105  8:04  SCV  
  105  8:05  SCV x2  
  121  8:14  Supply Depot  
  121  8:16  Missile Turret  
  121  8:19  SCV  
  122  8:21  Engineering Bay  
  122  8:37  Liberator x2  
  122  8:41  SCV x2  
  122  8:43  Orbital Command  
  122  8:45  Marine, Missile Turret  
  122  8:46  Marine x4  
  129  8:52  Barracks  
  129  8:53  Siege Tank  
  129  8:55  Barracks  
  128  9:29  Marine x4  
  128  9:30  Marine  
  128  9:31  Siege Tank  
  119  9:41  Liberator x2, SCV x3  
  122  9:47  Marine x4  
  122  9:48  Starport  
  122  9:49  Barracks Reactor  
  122  9:50  Barracks Reactor  
  122  9:51  Marine  
  127  9:53  Terran Infantry Weapons Level 2, Factory  
  127  9:54  Terran Infantry Armor Level 1  
  127  9:56  Supply Depot  
  133  10:02  Combat Shields  
  133  10:05  Marine x4  
  137  10:15  SCV x2  
  139  10:24  Supply Depot  
  139  10:27  Starport Reactor  
  139  10:29  Supply Depot  
  139  10:39  Marine  
  139  10:40  Marine x6  
  139  10:41  Marine x2  
  148  10:43  Factory Tech Lab  
  148  10:47  Missile Turret  
  148  10:53  Supply Depot  
  148  10:54  Supply Depot  
  148  10:57  Marine x2  
  148  10:58  Marine x4, Medivac x2  
  148  11:00  Siege Tank  
  161  11:05  Medivac x2  
  165  11:18  Liberator  
  165  11:22  Marine  
  165  11:23  Marine  
  165  11:25  Marine x6  
  170  11:28  Siege Tank  
  170  11:29  Medivac x2  
  180  11:36  Refinery, SCV  
  180  11:37  Refinery, SCV x2  
  186  11:41  Liberator  
  186  11:42  Liberator  
  192  12:14  Command Center  
  192  13:04  Liberator  
  192  13:05  Liberator  
  179  13:08  Liberator  
  176  13:17  Liberator  
  176  13:18  Siege Tank  
  176  13:19  Marine, Siege Tank  
  182  13:20  Marine x6  
  198  13:38  Marine x6  
  198  13:39  Marine  
  199  13:47  Marine  
  200  13:59  Orbital Command  
  195  14:49  Terran Infantry Weapons Level 3, Terran Infantry Armor Level 2  
  195  14:54  Terran Ship Weapons Level 1  
  195  15:43  Siege Tank  
  190  16:31  Siege Tank  
  190  16:32  Marine x4, Siege Tank  
  183  16:33  Marine x3  
  180  17:03  Siege Tank  
  86  20:02  Supply Depot  
  86  20:04  Command Center  
Tags
 
Add a new tag
Caveats
  • Supply blocks, unpowered buildings, or Contaminate may cause inaccurate times.
  • Supply counts are checked every 10 seconds.